 Dungeon Crawl Stone Soup version 0.01-2201-g4211a4d (webtiles) character file.

Game seed: 16847876497779773191, levelgen mode: deterministic

1234 Illumine the Ducker (level 8, 0/5 HPs) Fairy Fire Elementalist. Began on July 19, 2020. Slain by a cinder newt (1 damage) ... on level 2 of the Dungeon on July 20, 2020. The game lasted 00:11:55 (2434 turns).

Illumine the Ducker (Fairy Fire Elementalist)       Turns: 2434, Time: 00:11:56

Health: 0/5        AC:  0    Str:  2    XL:     8 ^: 1035
Magic:  3/3        EV: 30    Int: 21    God:
Gold:   63         SH:  0    Dex: 17    Spells: 4/19 levels left

rFire    . . .     Vision   .   (no jewelry)
rCold    . . .     Gourm    .
rNeg     . . .     Faith    .
rPois    .         Spirit   .
rElec    .         Reflect  .
rCorr    .         Harm     .
MR       +....
Stlth    +.........
HPRegen  0.11/turn
MPRegen  0.13/turn

@: flying, glowing, slow
A: tiny, no armour or weapons, only one jewelry slot, no melee attacks, fairy
magic, fairy shield, fairy light, decreased potion and divine healing, slowness
1, able to fly, insubstantial
a: Stop Flying


You were on level 2 of the Dungeon.
You were hungry.

You visited 1 branch of the dungeon, and saw 2 of its levels.

You collected 63 gold pieces.

Inventory:

Scrolls
 d - 3 scrolls of teleportation
 e - 3 scrolls of magic mapping
 f - a scroll of fog
 g - a scroll of blinking
Potions
 a - a potion of curing
 c - a potion of might
 h - 2 potions of heal wounds
 i - 2 potions of agility
Comestibles
 b - 7 rations


   Skills:
 + Level 7.0 Dodging
 - Level 1.4 Stealth
 + Level 6.2 Spellcasting
 + Level 6.7 Fire Magic
 + Level 3.4 Poison Magic


You had 4 spell levels left.
You knew the following spells:

 Your Spells              Type           Power        Failure   Level  Hunger
a - Foxfire               Fire           25 (25)      1%          1    None
b - Searing Ray           Fire           34 (50)      1%          2    None
c - Conjure Flame         Fire           34 (100)     1%          3    #......
d - Sticky Flame          Fire/Pois      27 (100)     12%         4    ###....
e - Fireball              Fire           34 (200)     17%         5    #####..

Your spell library contained the following spells:

 Spells                   Type           Power        Failure   Level  Hunger
 Inner Flame              Hex/Fire       20 (100)     7%          3    #......


Dungeon Overview and Level Annotations

Branches:
Dungeon (2/8)

Altars:
Kikubaaqudgha


Innate Abilities, Weirdness & Mutations

You are too small to use any gear.
You can wear a single ring or amulet completely around your body.
You are incapable of melee of any kind.
Your magic reserves are extremely low but spells that normally cost one mana are free and all other spells cost one mana.
You are extremely frail but all attacks that strike you do exactly one damage.
You exude a bright light in a small radius around yourself.
The effect of potions and godly healing effects is reduced to match your tiny health and magic reserves.
You cover ground slowly.
You can fly continuously.
Your insubstantial form boosts your evasion and grants immunity to sticky flames, nets and constriction.


Message History

Casting: Foxfire (safe; 1% risk of failure)
Confirm with . or Enter, or press ? or * to list all spells.
You conjure some foxfire!
The cinder newt bites you (1). The cinder newt burns you!
The foxfire hits the cinder newt (3).
The cinder newt resists.
The cinder newt is heavily wounded. (6/12) HP The foxfire hits the cinder newt (2).
The cinder newt resists.
The cinder newt is severely wounded. (4/12) HP The foxfire hits the cinder newt (3).
The cinder newt resists.
The cinder newt is almost dead. (1/12) HP The cinder newt completely misses you (0).
The slimehead is engulfed in a cloud of scalding steam. x3
Casting: Foxfire (safe; 1% risk of failure)
Confirm with . or Enter, or press ? or * to list all spells.
You conjure some foxfire!
You are engulfed in a cloud of scalding steam.
The cinder newt bites you (2).
* * * LOW HITPOINT WARNING * * *
The cinder newt burns you!
You die...

#...b.≈≈.#≈###≈#≈.# #≈≈≈≈
#.≈≈≈b...##.≈#≈..≈####≈≈≈
.≈≈≈.≈≈.≈≈#≈##≈#≈≈# #..≈
≈≈≈......##.####.># #.≈≈
≈≈..≈≈≈.#≈# # #≈†####≈..
≈≈.≈≈≈≈.### #..≈#.≈.≈≈
≈.≈≈b≈≈.#≈######≈≈....≈≈
.≈≈≈b≈*§*≈#≈#.≈###.##.≈≈
.≈≈≈§§§@##≈#≈≈#≈≈≈###.≈≈
.≈≈≈≈§l≈########### #.≈≈
.≈§§≈§≈J# #≈≈≈ .≈§≈≈;≈≈#
#≈≈≈ ≈≈≈≈§≈≈≈≈ #≈≈≈
≈≈≈≈§≈≈≈# ≈≈≈≈≈≈≈≈#
≈≈≈≈≈≈;≈#


You could see an ooze, a cinder newt and 2 neutral slimeheads (passive).

Vanquished Creatures
  2 crocodiles
  2 big kobolds (D:2)
  10 jellies (D:2)
  3 adders (D:2)
  51 sewer rats
  4 worms (D:2)
  7 cinder newts
  5 oozes
  2 dart slugs (D:1)
  3 leopard geckos
  12 giant cockroaches
  5 goblins (D:1)
  4 hobgoblins (D:1)
  A ball python (D:1)
  5 bats
  A hobgoblin skeleton (D:2)
  14 kobolds
  An orc skeleton (D:2)
  5 rats
  A rat skeleton (D:2)
  A giant blowfly (D:2)
  2 withered plants (D:2)
141 creatures vanquished.

Vanquished Creatures (others)
  A jelly (D:2)
  An ooze (D:2)
  A leopard gecko (D:2)
  A kobold (D:2)
  501 foxfires
  176 withered plants (D:2)
681 creatures vanquished.

Grand Total: 822 creatures vanquished

Notes
Turn   | Place    | Note
-------+----------+-------------------------------------------
     0 | D:1      | Illumine the Fairy Fire Elementalist began the quest for
                  | the Orb.
     0 | D:1      | Reached XP level 1. HP: 3/3 MP: 3/3
   177 | D:1      | Reached XP level 2. HP: 2/3 MP: 3/3
   306 | D:1      | Learned a level 2 spell: Searing Ray
   352 | D:1      | Reached skill level 3 in Dodging
   415 | D:1      | Reached XP level 3. HP: 4/4 MP: 3/3
   866 | D:1      | Learned a level 3 spell: Conjure Flame
   977 | D:2      | Noticed a big kobold
   991 | D:2      | Found an ancient bone altar of Kikubaaqudgha.
  1015 | D:1      | Reached XP level 4. HP: 2/4 MP: 2/3
  1076 | D:2      | Reached skill level 4 in Dodging
  1117 | D:2      | Reached XP level 5. HP: 4/4 MP: 3/3
  1160 | D:1      | Reached skill level 5 in Fire Magic
  1182 | D:2      | Learned a level 4 spell: Sticky Flame
  1317 | D:2      | Reached XP level 6. HP: 5/5 MP: 3/3
  1323 | D:2      | Reached skill level 5 in Dodging
  1336 | D:2      | Reached skill level 1 in Poison Magic
  1471 | D:2      | Reached skill level 5 in Spellcasting
  1591 | D:2      | Reached XP level 7. HP: 3/5 MP: 3/3
  1819 | D:2      | Reached skill level 6 in Dodging
  2072 | D:2      | Reached XP level 8. HP: 5/5 MP: 3/3
  2099 | D:2      | Learned a level 5 spell: Fireball
  2295 | D:2      | Reached skill level 7 in Dodging
  2434 | D:2      | Slain by a cinder newt

Levels and vault maps discovered:
D:1:      zelgadis_glass_arrival_small, layout_basic, kennysheep_potato
D:2:      layout_sewer, kiku_gazebo_pond_becter, lemuel_crystal_altar,
          first_ration, hangedman_decor_opposing, minmay_ruptured

Skill      XL: |  1  2  3  4  5  6  7  8 |
---------------+-------------------------+-----
Spellcasting   | 3 4 5 6 |  6.2
Dodging        | 3 4 5 6 7 |  7.0
Fire Magic     | 4 5 6 |  6.7
Poison Magic   | 1 3 |  3.4
Stealth        | |  1.4

Action                   |  1- 3 |  4- 6 |  7- 9 || total
-------------------------+-------+-------+-------++-------
 Cast: Foxfire           |    68 |    96 |   122 ||   286
       Searing Ray       |     1 |     4 |     3 ||     8
       Sticky Flame      |       |       |     2 ||     2
 Abil: Fly               |     1 |       |       ||     1
  Eat: Chunk             |       |     2 |     3 ||     5
Dodge: Dodged            |    67 |    90 |   120 ||   277
